 Dungeon Crawl Stone Soup version 0.24.0-123-gd5b16e6ec5 (webtiles) character file.

Game seed: 3258809727585435255, levelgen mode: deterministic

2039 Curus the Cleaver (level 9, -11/70 HPs)
             Began as a Minotaur Monk on Jan 1, 2020.
             Was a Priest of Trog.
             Killed by divine providence
             ... invoked by an orc priest
              (13 damage)
             ... on level 7 of the Dungeon.
             The game lasted 00:25:22 (4667 turns).

Curus the Cleaver (Minotaur Monk)                   Turns: 4667, Time: 00:25:22

Health: -11/70     AC: 16    Str: 16    XL:     9   Next: 4%
Magic:  8/8        EV:  5    Int:  7    God:    Trog [***...]
Gold:   357        SH:  5    Dex: 20    Spells: 8/8 levels left

rFire    . . .     SeeInvis .   o - +2 war axe
rCold    . . .     Gourm    .   e - +1 buckler
rNeg     . . .     Faith    .   l - +0 plate armour
rPois    +         Spirit   .   x - +2 hat
rElec    .         Reflect  .   w - +1 cloak
rCorr    .         Harm     .   g - +1 pair of gloves
MR       ++...                  (no boots)
Stlth    ..........             (no amulet)
HPRegen  1.21/turn              z - ring of poison resistance
MPRegen  0.11/turn              n - +4 ring of dexterity

@: regenerating
A: retaliatory headbutt, horns 2
a: Berserk, Trog's Hand, Renounce Religion


You were on level 7 of the Dungeon.
You worshipped Trog.
Trog was most pleased with you.
You were not hungry.

You visited 1 branch of the dungeon, and saw 7 of its levels.

You collected 357 gold pieces.

Inventory:

Hand Weapons
 a - a +2 hand axe
 o - a +2 war axe (weapon)
 B - the +8 flail "Minotaur's Peril" {protect, *Noise rF+ MR+}
   (You found it on level 6 of the Dungeon)

   It grants its wielder temporary protection when it strikes (+7 to AC).
   It protects you from fire.
   It affects your resistance to hostile enchantments.
   It may make noises in combat.
Armour
 b - a +0 robe
 e - a +1 buckler (worn)
 g - a +1 pair of gloves (worn)
 j - a +0 scale mail
 l - a +0 plate armour (worn)
 t - a +0 chain mail
 w - a +1 cloak (worn)
 x - a +2 hat (worn)
Jewellery
 d - an uncursed ring of fire
 f - a +2 ring of protection
 n - a +4 ring of dexterity (right hand)
 v - an uncursed ring of stealth
 y - a +2 ring of strength
 z - a ring of poison resistance (left hand)
Wands
 A - a wand of flame (16)
Scrolls
 h - 4 scrolls of teleportation
 i - 2 scrolls of blinking
 k - 3 scrolls of remove curse
 m - 4 scrolls of identify
 p - a scroll of amnesia
 q - 3 scrolls of fear
 s - a scroll of enchant weapon
 u - 2 scrolls of magic mapping
Potions
 r - a potion of curing
Comestibles
 c - 6 rations
 C - 2 chunks of flesh


   Skills:
 - Level 3.6 Fighting
 + Level 13.9 Axes
 - Level 3.2 Dodging
 - Level 1.5 Stealth


You had 8 spell levels left.
You didn't know any spells.
Your spell library was empty.

Dungeon Overview and Level Annotations

Branches:
Dungeon (7/15)
 Temple: D:4-7

Altars:
Dithmenos
Hepliaklqana
Qazlal
Ru
Sif Muna
Trog
The Shining One

Shops:
D:4 %


Innate Abilities, Weirdness & Mutations

You reflexively headbutt those who attack you in melee.
You have a pair of horns on your head.


Message History

You kill the orc priest!
Trog accepts your kill.
An orc comes into view.
You closely miss the hound. You headbutt the hound.
The hound is moderately wounded.
You block the hound's attack.
You slash the hound! Your headbutt misses the hound.
The hound is severely wounded.
You slash the orc priest! The hound bites you but does no damage.
The orc priest invokes the aid of Beogh against you.
Beogh smites you!
* * * LOW HITPOINT WARNING * * *
The orc priest looks satisfied for a moment.
You block the orc priest's attack. The hound bites you but does no damage.
Your skin crawls.
You feel resistant to hostile enchantments.
You feel somewhat more hungry. The hound bites you but does no damage.
The orc priest invokes the aid of Beogh against you.
Beogh smites you!
You die...

...##. .o.#.
###o....# #.#
###.......###...#
##.....o.........#
........##.......#
#.....ho......... #
#....@..........
#.##..............
...#....#.........
.>......#.)†......
...##.....÷)......
.. #...###†.......
...##.............
........<.#.##..)..
#.##......#.# .....


You could see a hound, 3 orc priests and an orc.

Vanquished Creatures
  Eustachio (D:4)
  Edmund (D:5)
  An orc warrior (D:6)
  A phantom (D:6)
  2 ice beasts
  An ogre (D:4)
  3 bullfrogs
  2 scorpions
  3 howler monkeys (D:7)
  2 crimson imps
  4 hounds
  A jelly (D:7)
  Crazy Yiuf (D:4)
  5 orc priests
  An iguana (D:4)
  3 orc wizards
  Jessica (D:3)
  5 worker ants
  A hound zombie (D:5)
  Robin (D:4)
  9 adders
  A shadow imp (D:5)
  An ooze (D:4)
  An adder zombie (D:6)
  2 worms
  3 dart slugs
  4 leopard geckos
  29 orcs
  9 bats
  2 giant cockroaches
  16 goblins
  9 hobgoblins
  8 jackals
  A quokka (D:6)
  14 frilled lizards
  13 kobolds
  A leopard gecko skeleton (D:4)
  A quokka skeleton (D:5)
  5 rats
169 creatures vanquished.

Notes
Turn   | Place    | Note
-------+----------+-------------------------------------------
     0 | D:1      | Curus the Minotaur Monk began the quest for the Orb.
     0 | D:1      | Reached XP level 1. HP: 19/19 MP: 0/0
    25 | D:1      | Reached skill level 4 in Axes
    79 | D:1      | Reached XP level 2. HP: 25/26 MP: 1/1
   508 | D:1      | Reached skill level 5 in Axes
   879 | D:2      | Found a shadowy altar of Dithmenos.
   894 | D:2      | Reached XP level 3. HP: 31/31 MP: 2/2
   984 | D:2      | Found a hazy altar of Hepliaklqana.
  1243 | D:3      | Reached skill level 6 in Axes
  1243 | D:3      | Reached XP level 4. HP: 20/39 MP: 3/3
  1745 | D:3      | Noticed Jessica
  1750 | D:3      | Killed Jessica
  1750 | D:3      | Reached skill level 7 in Axes
  1750 | D:3      | Reached XP level 5. HP: 33/45 MP: 4/4
  1755 | D:3      | Found a shimmering blue altar of Sif Muna.
  1811 | D:3      | Found a glowing golden altar of the Shining One.
  1924 | D:4      | Noticed Eustachio
  1937 | D:4      | Killed Eustachio
  1937 | D:4      | Reached skill level 8 in Axes
  1937 | D:4      | Reached XP level 6. HP: 19/51 MP: 5/5
  2132 | D:4      | Noticed Robin
  2143 | D:4      | Killed Robin
  2148 | D:4      | Reached skill level 9 in Axes
  2377 | D:4      | Found Rint's Food Shop.
  2482 | D:4      | Reached XP level 7. HP: 57/57 MP: 6/6
  2501 | D:4      | Found a sacrificial altar of Ru.
  2621 | D:4      | Found a runed translucent door.
  2622 | D:4      | Noticed Crazy Yiuf
  2756 | D:4      | Killed Crazy Yiuf
  2756 | D:4      | Reached skill level 10 in Axes
  2959 | D:5      | Entered Level 5 of the Dungeon
  2968 | D:5      | Noticed Edmund
  2982 | D:5      | Killed Edmund
  3245 | D:5      | Found a bloodstained altar of Trog.
  3248 | D:5      | Became a worshipper of Trog the Wrathful
  3248 | D:5      | Reached * piety under Trog
  3248 | D:5      | Reached ** piety under Trog
  3313 | D:5      | Reached skill level 11 in Axes
  3390 | D:5      | Reached XP level 8. HP: 61/64 MP: 7/7
  3648 | D:6      | Reached skill level 12 in Axes
  3859 | D:6      | Found a stormy altar of Qazlal.
  4094 | D:6      | Got a bloodstained flail
  4121 | D:5      | Identified the +8 flail "Minotaur's Peril" {protect, *Noise
                  | rF+ MR+} (You found it on level 6 of the Dungeon)
  4329 | D:6      | Reached *** piety under Trog
  4566 | D:7      | Reached skill level 13 in Axes
  4609 | D:7      | Reached XP level 9. HP: 14/70 MP: 8/8
  4666 | D:7      | HP: 1/70 [orc priest/divine providence (13)]
  4667 | D:7      | Killed from afar by an orc priest

Levels and vault maps discovered:
D:1:      wander_arrival_fairy_ring, layout_basic
D:2:      layout_basic, nicolae_dithmenos_shadow_blocks,
          overflow_temple_1_default, kennysheep_generic_room_8
D:3:      layout_basic, nicolae_tso_swordbearing_angel, tgw_sif, first_ration,
          minmay_lizard_king
D:4:      layout_loops_ring, nicolae_ru_awakened_eye, serial_shops,
          nicolae_shop_statue_plus, kennysheep_generic_room_11,
          uniq_crazy_yiuf_cottage, uniq_robin, uniq_eustachio
D:5:      layout_rooms, kennysheep_mini, uniq_edmund
D:6:      layout_loops_ring, grunt_qazlal_clouds
D:7:      layout_cave_pools, minmay_temple_entry_proselytizer

Skill      XL: |  1  2  3  4  5  6  7  8 |
---------------+-------------------------+-----
Axes           | 4 5 6 7 8 9 11 13 | 13.9
Fighting       | |  3.6
Dodging        | |  3.2
Stealth        | |  1.5

Action                   |  1- 3 |  4- 6 |  7- 9 || total
-------------------------+-------+-------+-------++-------
Melee: Hand axe          |    75 |    41 |       ||   116
       Headbutt          |    15 |    24 |    44 ||    83
       War axe           |       |    80 |   211 ||   291
Invok: Berserk           |       |       |     3 ||     3
       Trog's Hand       |       |       |     2 ||     2
Evoke: Wand              |       |       |     1 ||     1
  Use: Scroll            |     9 |     3 |     5 ||    17
       Potion            |     1 |     1 |     2 ||     4
 Stab: Sleeping          |     3 |       |       ||     3
       Invisible         |       |       |     4 ||     4
  Eat: Chunk             |       |     5 |    11 ||    16
Armor: Robe              |    18 |     4 |       ||    22
       Scale mail        |       |    55 |     3 ||    58
       Chain mail        |       |       |    45 ||    45
       Plate armour      |       |       |    74 ||    74
Dodge: Dodged            |    30 |    52 |    41 ||   123
Block: Buckler           |     8 |    40 |    29 ||    77
